 Dungeon Crawl Stone Soup version 0.26-a0-652-gafc20e3620 (webtiles) character file.

Game seed: 11216476235559996066

6406 rogsnak the Thaumaturge (level 10, 0/76 HPs)
             Began as a Gnoll Hedge Wizard on Oct 2, 2020.
             Was an Initiate of Gozag.
             Slain by a two-headed ogre
             ... wielding a +0 giant club
              (16 damage)
             ... on level 10 of the Dungeon.
             The game lasted 00:36:02 (12367 turns).

rogsnak the Thaumaturge (Gnoll Hedge Wizard)       Turns: 12367, Time: 00:36:03

Health: 0/76       AC: 10    Str: 12    XL:     10   Next: 98%
Magic:  22/23      EV: 18    Int: 20    God:    Gozag
Gold:   1723       SH:  0    Dex: 21    Spells: 21/27 levels left

rFire    . . .     SeeInvis .   z - +2 rapier (drain)
rCold    . . .     Faith    .   (no shield)
rNeg     . . .     Spirit   .   c - +0 leather armour
rPois    .         Reflect  .   M - +2 helmet
rElec    .         Harm     .   (no cloak)
rCorr    .         Rampage  .   P - +1 pair of gloves
MR       .....                  Q - +0 pair of boots
Stlth    +++++.....             C - amulet of magic regeneration
HPRegen  0.22/turn              q - +6 ring of dexterity
MPRegen  0.43/turn              R - ring of stealth

@: no status effects
A: distributed training, fangs 1, strong nose
a: Potion Petition, Call Merchant, Bribe Branch, Renounce Religion


You were on level 10 of the Dungeon.
You worshipped Gozag.
Gozag was most pleased with you.
You visited 2 branches of the dungeon, and saw 11 of its levels.

You collected 1813 gold pieces.
You paid 90 gold pieces to Gozag.

Inventory:

Hand Weapons
 z - a +2 rapier of draining (weapon)
 I - a +5 dagger
 O - a +0 shortbow
 T - a +1 scimitar of flaming
Missiles
 j - 131 bolts
 s - 126 arrows
 A - 45 sling bullets
 H - 11 boomerangs (quivered)
Armour
 c - a +0 leather armour (worn)
 M - a +2 helmet (worn)
 P - a +1 pair of gloves (worn)
 Q - a +0 pair of boots (worn)
Magical Staves
 E - an uncursed staff of poison
Jewellery
 q - a +6 ring of dexterity (left hand)
 C - an amulet of magic regeneration (around neck)
 R - a ring of stealth (right hand)
 V - an uncursed amulet of the acrobat
 W - an uncursed ring of flight
Wands
 v - a wand of random effects (49)
 x - a wand of flame (28)
 y - a wand of polymorph (9)
 S - a wand of acid (7)
Scrolls
 i - 6 scrolls of teleportation {unknown}
 k - 7 scrolls of remove curse {unknown}
 p - 9 scrolls of identify {unknown}
 r - 5 scrolls of amnesia {unknown}
 t - 3 scrolls of magic mapping {unknown}
 w - a scroll of immolation {unknown}
 D - 4 scrolls of noise {unknown}
 F - a scroll of fog {unknown}
 J - 2 scrolls of enchant weapon {unknown}
 K - 2 scrolls of fear {unknown}
Potions
 a - a potion of flight {unknown}
 e - 2 potions of mutation {unknown}
 f - 6 potions of curing {unknown}
 g - 2 potions of invisibility {unknown}
 h - a potion of ambrosia {unknown}
 l - 4 potions of cancellation {unknown}
 m - 4 potions of heal wounds {unknown}
 n - 2 potions of stabbing {unknown}
 o - 3 potions of lignification {unknown}
 u - 3 potions of might {unknown}
 B - a potion of resistance {unknown}
 G - a potion of brilliance {unknown}
 U - a potion of degeneration {unknown}
Miscellaneous
 N - a phantom mirror


   Skills:
 + Level 5.8 Fighting
 + Level 5.8 Short Blades
 + Level 5.8 Long Blades
 + Level 5.8 Axes
 + Level 5.8 Maces & Flails
 + Level 5.8 Polearms
 + Level 5.8 Staves
 + Level 5.8 Slings
 + Level 5.8 Bows
 + Level 5.8 Crossbows
 + Level 5.8 Throwing
 + Level 5.8 Armour
 + Level 7.4 Dodging
 + Level 7.2 Stealth
 + Level 5.8 Shields
 + Level 5.8 Unarmed Combat
 + Level 9.3 Spellcasting
 + Level 5.3 Conjurations
 + Level 4.7 Hexes
 + Level 5.3 Summonings
 + Level 4.7 Necromancy
 + Level 5.3 Translocations
 + Level 4.7 Transmutations
 + Level 4.7 Fire Magic
 + Level 4.7 Ice Magic
 + Level 4.7 Air Magic
 + Level 4.7 Earth Magic
 + Level 4.7 Poison Magic
 + Level 6.3 Invocations
 + Level 5.8 Evocations


You had 21 spell levels left.
You knew the following spells:

 Your Spells              Type           Power        Failure   Level
a - Magic Dart            Conj           ####         1%          1
b - Blink                 Tloc           N/A          1%          2
c - Mephitic Cloud        Conj/Pois/Air  ####....     3%          3

Your spell library contained the following spells:

 Spells                   Type           Power        Failure   Level
 Call Imp                 Summ           ####....     1%          2
 Poisonous Vapours        Pois/Air       ####..       1%          2
 Slow                     Hex            ####....     1%          2
 Conjure Flame            Conj/Fire      ####....     3%          3
 Airstrike                Air            ####......   13%         4
 Alistair's Intoxication  Tmut/Pois      ####.....    36%         5
 Tornado                  Air            ####......   100%        9


Dungeon Overview and Level Annotations

Branches:
Dungeon (10/15)            Temple (1/1) D:4            Lair (0/6) D:9
    Orc (0/2) D:9

Altars:
Ashenzari
Cheibriados
Dithmenos
Elyvilon
Fedhas
Gozag
Hepliaklqana
Kikubaaqudgha
Makhleb
Nemelex Xobeh
Okawaru
Qazlal
Ru
Sif Muna
Trog
Uskayaw
Vehumet
Wu Jian
Xom
Yredelemnul
Zin
The Shining One

Shops:
D:4 :

Annotations:
D:4 sahdkjhfkaj's ghost, novice OpCj


Innate Abilities, Weirdness & Mutations

Your experience applies equally to all skills.
You have very sharp teeth.
Your uncanny sense of smell can sniff out nearby items.


Message History

The two-headed ogre hits you with a +0 giant club!
The two-headed ogre misses you.
The centaur shoots an arrow.
The arrow hits you but does no damage.
You see here an arrow.
The centaur shoots an arrow.
The arrow closely misses you.
The centaur shoots an arrow.
The arrow hits you!
You see here 2 arrows.
The centaur shoots an arrow.
The arrow misses you.
The centaur shoots an arrow.
The arrow hits you.
* * * LOW HITPOINT WARNING * * *
You see here an arrow.
The centaur shoots an arrow.
The arrow misses you.
There is a stone staircase leading up here.
You see here an arrow.
The centaur shoots an arrow.
The arrow hits you.
* * * LOW HITPOINT WARNING * * *
The two-headed ogre completely misses you.
The two-headed ogre hits you with a +0 giant spiked club!
You die...
Your body crumbles into a pile of gold.

...##....##.#...#.########
..........##..#.##.##
......##.##.....(...#
........##.......#.##
..........#........##
....................### ##### #
.....c#.#...........#.####.#.####
...........#.#..<..#...##......##
.....(...c......@..#...###.......
......(c..#.#.#O.................
.................................
....=.<.(..#(#...................
....>......(...................#.
...............................#.
....#............#.#..#..........
........#.........#..............
........[....#...###.............


You could see a two-headed ogre and a centaur.

Vanquished Creatures
  Erica (D:8)
  A two-headed ogre (D:10)
  A hippogriff (D:9)
  A wyvern (D:9)
  Eustachio (D:3)
  Duvessa (D:7)
  2 orc warriors
  6 porcupines (D:9)
  A black bear (D:9)
  4 ice beasts
  An eye of draining (D:9)
  2 phantoms
  A hornet zombie (D:9)
  A necrophage (D:8)
  4 centaurs
  5 ogres
  7 bullfrogs
  A gnoll sergeant (D:5)
  Dowan (D:7)
  4 scorpions
  4 killer bees (D:9)
  A howler monkey (D:6)
  A crimson imp (D:6)
  A bullfrog zombie (D:5)
  A jelly (D:9)
  3 hounds
  An orc priest (D:6)
  2 bullfrog skeletons
  A centaur skeleton (D:8)
  7 orc wizards
  Natasha (thrice) (D:2)
  2 iguanas
  6 worker ants
  2 hound zombies (D:6)
  A hound skeleton (D:2)
  A mummy (D:8)
  9 adders
  12 gnolls
  7 shadow imps
  4 ufetubi
  2 oozes
  An adder skeleton (D:4)
  A worm (D:3)
  2 dart slugs (D:3)
  6 leopard geckos
  14 orcs
  3 bats
  7 giant cockroaches
  10 goblins
  13 hobgoblins
  16 jackals
  6 kobolds
  6 quokkas
  3 ball pythons
  7 frilled lizards
  A goblin zombie (D:6)
  A hobgoblin zombie (D:6)
  A jackal skeleton (D:4)
  2 kobold skeletons (D:6)
  A kobold zombie (D:6)
  2 orc zombies (D:6)
  A quokka skeleton (D:6)
  10 rats
231 creatures vanquished.

Vanquished Creatures (others)
  40 fungi (D:9)
  44 plants (D:9)
84 creatures vanquished.

Grand Total: 315 creatures vanquished

Notes
Turn   | Place    | Note
-------+----------+-------------------------------------------
     0 | D:1      | rogsnak the Gnoll Hedge Wizard began the quest for the Orb.
     0 | D:1      | Reached XP level 1. HP: 13/13 MP: 8/8
   254 | D:1      | Reached XP level 2. HP: 19/19 MP: 8/10
   278 | D:1      | Learned a level 2 spell: Blink
   684 | D:1      | Reached XP level 3. HP: 25/25 MP: 6/11
  1221 | D:2      | Reached skill level 1 in Invocations
  1286 | D:2      | Reached skill level 1 in Fighting
  1286 | D:2      | Reached skill level 1 in Short Blades
  1286 | D:2      | Reached skill level 1 in Long Blades
  1286 | D:2      | Reached skill level 1 in Axes
  1286 | D:2      | Reached skill level 1 in Maces & Flails
  1286 | D:2      | Reached skill level 1 in Polearms
  1286 | D:2      | Reached skill level 1 in Staves
  1286 | D:2      | Reached skill level 1 in Slings
  1286 | D:2      | Reached skill level 1 in Bows
  1286 | D:2      | Reached skill level 1 in Crossbows
  1286 | D:2      | Reached skill level 1 in Throwing
  1286 | D:2      | Reached skill level 1 in Armour
  1286 | D:2      | Reached skill level 1 in Shields
  1286 | D:2      | Reached skill level 1 in Unarmed Combat
  1286 | D:2      | Reached skill level 1 in Evocations
  1393 | D:2      | Learned a level 3 spell: Mephitic Cloud
  1471 | D:2      | Reached XP level 4. HP: 30/32 MP: 11/13
  1709 | D:2      | Found a shadowy altar of Dithmenos.
  1848 | D:2      | Noticed Natasha
  1857 | D:2      | Killed Natasha
  1857 | D:2      | Reached skill level 1 in Hexes
  1857 | D:2      | Reached skill level 1 in Necromancy
  1857 | D:2      | Reached skill level 1 in Transmutations
  1857 | D:2      | Reached skill level 1 in Fire Magic
  1857 | D:2      | Reached skill level 1 in Ice Magic
  1857 | D:2      | Reached skill level 1 in Air Magic
  1857 | D:2      | Reached skill level 1 in Earth Magic
  1857 | D:2      | Reached skill level 1 in Poison Magic
  2045 | D:2      | Noticed Natasha
  2064 | D:2      | Killed Natasha
  2064 | D:2      | Reached XP level 5. HP: 3/37 MP: 1/14
  2492 | D:2      | Noticed Natasha
  2502 | D:2      | Killed Natasha
  3947 | D:3      | Reached XP level 6. HP: 33/44 MP: 12/16
  4140 | D:4      | Noticed Eustachio
  4266 | D:3      | Killed Eustachio
  4266 | D:3      | Reached skill level 5 in Dodging
  4485 | D:4      | Found a runed translucent door.
  4485 | D:4      | Noticed sahdkjhfkaj's ghost (novice OpCj)
  4529 | D:4      | Found a staircase to the Ecumenical Temple.
  4543 | Temple   | Entered the Ecumenical Temple
  4614 | Temple   | Became a worshipper of Gozag Ym Sagoz the Greedy
  4659 | D:4      | Found Pykabiw's Book Shoppe.
  4838 | D:4      | Noticed a phantom
  4880 | D:4      | Killed a phantom
  4880 | D:4      | Reached XP level 7. HP: 18/51 MP: 0/18
  5587 | D:5      | Entered Level 5 of the Dungeon
  5810 | D:5      | Found a broken altar of Ashenzari.
  6037 | D:5      | Found a basalt altar of Yredelemnul.
  6073 | D:5      | Reached skill level 5 in Stealth
  6676 | D:6      | Reached XP level 8. HP: 47/57 MP: 16/19
  7127 | D:6      | Reached skill level 8 in Spellcasting
  7709 | D:6      | Reached XP level 9. HP: 29/65 MP: 16/21
  8204 | D:6      | Found a glowing golden altar of the Shining One.
  8988 | D:7      | Noticed Duvessa
  8988 | D:7      | Noticed Dowan
  9010 | D:7      | Killed Duvessa
  9014 | D:7      | Killed Dowan
  9156 | D:7      | Identified the Collected Works on Air and Venom
  9267 | D:7      | Found a bloodstained altar of Trog.
  9346 | D:8      | Noticed Erica
  9359 | D:8      | Killed Erica
  9359 | D:8      | Reached skill level 5 in Invocations
  9493 | D:8      | Reached XP level 10. HP: 73/73 MP: 18/22
  9610 | D:8      | Found a sacrificial altar of Ru.
  9610 | D:8      | Found a sparkling altar of Nemelex Xobeh.
  9703 | D:8      | Found a snail-covered altar of Cheibriados.
  9723 | D:8      | Found a shimmering blue altar of Sif Muna.
 10119 | D:9      | Found a staircase to the Orcish Mines.
 10291 | D:9      | Reached skill level 5 in Fighting
 10291 | D:9      | Reached skill level 5 in Short Blades
 10291 | D:9      | Reached skill level 5 in Long Blades
 10291 | D:9      | Reached skill level 5 in Axes
 10291 | D:9      | Reached skill level 5 in Maces & Flails
 10291 | D:9      | Reached skill level 5 in Polearms
 10291 | D:9      | Reached skill level 5 in Staves
 10291 | D:9      | Reached skill level 5 in Slings
 10291 | D:9      | Reached skill level 5 in Bows
 10291 | D:9      | Reached skill level 5 in Crossbows
 10291 | D:9      | Reached skill level 5 in Throwing
 10291 | D:9      | Reached skill level 5 in Armour
 10291 | D:9      | Reached skill level 5 in Shields
 10291 | D:9      | Reached skill level 5 in Unarmed Combat
 10291 | D:9      | Reached skill level 5 in Evocations
 10530 | D:9      | Found a staircase to the Lair.
 10811 | D:9      | Reached skill level 9 in Spellcasting
 11249 | D:9      | Reached skill level 5 in Conjurations
 11249 | D:9      | Reached skill level 5 in Summonings
 11249 | D:9      | Reached skill level 5 in Translocations
 12134 | D:10     | Entered Level 10 of the Dungeon
 12178 | D:10     | Noticed a two-headed ogre
 12200 | D:10     | Killed a two-headed ogre
 12328 | D:10     | Noticed a two-headed ogre
 12367 | D:10     | Slain by a two-headed ogre

Illustrated notes

Levels and vault maps discovered:
D:1:      evilmike_arrival_crescent, layout_basic, minmay_split_cup_small
D:2:      layout_basic, nicolae_overflow_hidden_temple, uniq_natasha
D:3:      layout_loops_corners, minmay_misc_feat_square,
          hangedman_decor_clover_reticule, minmay_randomly_rotated_circles
D:4:      layout_basic, minmay_temple_entry_glassed_door, serial_shops,
          nicolae_shop_stone, hellmonk_ghost_happy_afterlife, uniq_eustachio
D:5:      layout_loops_cross, nicolae_overflow_crystal_walls, basic_altar,
          lightli_minifort
D:6:      layout_cave_pools, nicolae_tso_besieged_by_evil, minmay_checkerbox
D:7:      layout_basic, lemuel_coloured_pillars_altar, uniq_duvessa
D:8:      layout_basic, slow_altar_1, old_standard_altar,
          chequers_temple_overflow_statue_of_worship, uniq_erica
D:9:      layout_grid_maze, due_lair_maze_entry_diamond, orc_0_dummy
D:10:     layout_cross, hex_tiny, minmay_misc_feat_ornament
Temple:   nicolae_temple_great_sept

Skill      XL: |  1  2  3  4  5  6  7  8  9 10 |
---------------+-------------------------------+-----
Conjurations   | 2 3 4 5 |  5.3
Summonings     | 2 3 4 5 |  5.3
Translocations | 2 3 4 5 |  5.3
Invocations    | 1 2 3 4 5 6 |  6.3
Fighting       | 1 2 3 4 5 |  5.8
Short Blades   | 1 2 3 4 5 |  5.8
Long Blades    | 1 2 3 4 5 |  5.8
Axes           | 1 2 3 4 5 |  5.8
Maces & Flails | 1 2 3 4 5 |  5.8
Polearms       | 1 2 3 4 5 |  5.8
Staves         | 1 2 3 4 5 |  5.8
Slings         | 1 2 3 4 5 |  5.8
Bows           | 1 2 3 4 5 |  5.8
Crossbows      | 1 2 3 4 5 |  5.8
Throwing       | 1 2 3 4 5 |  5.8
Armour         | 1 2 3 4 5 |  5.8
Shields        | 1 2 3 4 5 |  5.8
Unarmed Combat | 1 2 3 4 5 |  5.8
Evocations     | 1 2 3 4 5 |  5.8
Hexes          | 1 2 3 4 |  4.7
Necromancy     | 1 2 3 4 |  4.7
Transmutations | 1 2 3 4 |  4.7
Fire Magic     | 1 2 3 4 |  4.7
Ice Magic      | 1 2 3 4 |  4.7
Air Magic      | 1 2 3 4 |  4.7
Earth Magic    | 1 2 3 4 |  4.7
Poison Magic   | 1 2 3 4 |  4.7
Dodging        | 5 6 7 |  7.4
Stealth        | 5 6 7 |  7.2
Spellcasting   | 8 9 |  9.3

Action                   |  1- 3 |  4- 6 |  7- 9 | 10-12 || total
-------------------------+-------+-------+-------+-------++-------
Melee: Short sword       |    35 |    55 |       |       ||    90
       Bite              |     2 |    17 |    33 |    34 ||    86
       Rapier            |       |    55 |   216 |     2 ||   273
       Punch             |       |       |     7 |     8 ||    15
       Scimitar          |       |       |     6 |   143 ||   149
       Dagger            |       |       |     4 |    22 ||    26
Throw: Stone             |       |    12 |       |       ||    12
 Cast: Magic Dart        |    70 |   110 |   116 |    91 ||   387
       Blink             |       |     2 |     4 |     4 ||    10
       Mephitic Cloud    |       |     4 |    14 |    17 ||    35
 Stab: Sleeping          |     1 |     3 |    13 |     8 ||    25
       Confused          |       |     2 |     8 |    16 ||    26
       Distracted        |       |       |     1 |       ||     1
Armor: Robe              |     4 |    11 |    25 |     3 ||    43
       Leather armour    |       |       |       |    31 ||    31
Dodge: Dodged            |    35 |    83 |   170 |   137 ||   425
       Rpst.: Scimitar   |       |       |     1 |    38 ||    39

Table legend: (Time is in decaauts)
 A = Elapsed time spent in this place.
 B = Non-inter-level travel time spent in this place.
 C = Inter-level travel time spent in this place.
 D = Time resting spent in this place.
 E = Time spent auto-exploring this place.
 F = Levels seen in this place.
 G = Mean time per level.
                   A        B        C        D        E       F      G
               +--------+--------+--------+--------+--------+-----+--------+
         Total |  12407 |  12114 |    293 |   3554 |   4901 |  11 | 1127.9 |
       Dungeon |  12324 |  12031 |    293 |   3554 |   4894 |  10 | 1232.4 |
        Temple |     82 |     82 |      0 |      0 |      7 |   1 |   82.0 |
               +--------+--------+--------+--------+--------+-----+--------+

Top non-repeatable levels by time:
     D:3: 2098 daAuts
     D:9: 2022 daAuts
     D:5: 1843 daAuts
     D:2: 1433 daAuts
     D:6: 1285 daAuts
     D:1: 1119 daAuts
     D:4: 968 daAuts
     D:8: 826 daAuts
     D:7: 496 daAuts
    D:10: 230 daAuts
  Temple: 82 daAuts
